[Event "fics rated crazyhouse match"]
[Site "fics, Oklahoma City, OK USA"]
[Date "2000.02.29"]
[White "TheLongOne"]
[WhiteElo "2085"]
[Black "Thufir"]
[BlackElo "2388"]
[TimeControl "60+0"]
[Result "0-1"]

1. e4 e6 2. Nf3 d6 3. d4 Nf6 4. Bd3 Be7 5. O-O Nc6 6. e5 
Nxd4 7. exf6 Nxf3+ 8. Qxf3 Bxf6 9. N@h5 Rg8 10. Bxh7 N@e5 11. Qb3 Rh8 
12. P@h6 Rxh7 13. hxg7 Bxg7 14. Nxg7+ Rxg7 15. Bh6 B@d5 16. Qxd5 exd5 17. Bxg7 
Qg5 18. N@f6+ Qxf6 19. Bxf6 N@h3+ 20. gxh3 Nf3+ 21. Kg2 N@h4+ 22. Kg3 Q@g2+ 
23. Kf4 P@e5+ 24. Ke3 d4+ 25. Ke2 Ng1+ 26. Rxg1 Qf3+ 27. Kd2 P@c3+ 28. bxc3 
dxc3+ 29. Nxc3 Qxf6 30. Q@g8+ B@f8 31. Qxf8+ Kxf8 32. R@g8+ Ke7 33. B@d8+ Kd7 
34. Bxf6 Q@d4+ 35. Kc1 P@b2+ 36. Kb1 bxa1=Q+ 37. Kxa1 Qxc3+ 38. P@b2 Qxb2# 
{TheLongOne forfeits on time} 0-1

[Event "fics rated crazyhouse match"]
[Site "fics, Oklahoma City, OK USA"]
[Date "2000.02.29"]
[White "Thufir"]
[WhiteElo "2390"]
[Black "TheLongOne"]
[BlackElo "2083"]
[TimeControl "60+0"]
[Result "1-0"]

1. e4 e6 2. d4 Nf6 3. e5 Ne4 4. Bd3 d5 5. exd6 Nxd6 6. Nc3 
Nc6 7. P@e5 Nf5 8. Bxf5 exf5 9. Nf3 P@e4 10. d5 exf3 11. dxc6 Qxd1+ 
12. Kxd1 fxg2 13. Re1 B@f3+ 14. N@e2 Bxc6 15. Bg5 P@e7 16. N@d4 P@f3 17. Nf4 
N@e2 18. Ncxe2 fxe2+ 19. Nfxe2 Be4 20. P@d3 Bxd3 21. cxd3 P@f3 22. B@a4+ N@d7 
23. Nxf3 Q@b6 24. N@c4 Qb4 25. P@b3 Qxb3+ 26. axb3 P@c2+ 27. Kxc2 
{TheLongOne resigns} 1-0

[Event "fics rated crazyhouse match"]
[Site "fics, Oklahoma City, OK USA"]
[Date "2000.02.29"]
[White "TheLongOne"]
[WhiteElo "2081"]
[Black "Thufir"]
[BlackElo "2392"]
[TimeControl "60+0"]
[Result "0-1"]

1. e4 e6 2. d4 d6 3. Nc3 Nf6 4. Bd3 Be7 5. Be3 Nc6 6. Qd2 
O-O 7. Nf3 Ng4 8. h4 e5 9. Ng5 exd4 10. Nxh7 dxe3 11. fxe3 Kxh7 
12. e5+ P@g6 13. h5 B@g3+ 14. Kd1 Nf2+ 15. Ke2 Nxh1 16. Rxh1 Bg4+ 17. P@f3 
R@f2+ 18. Kd1 Rxd2+ 19. Kxd2 Q@f2+ 20. R@e2 N@f1+ 21. Rxf1 Qxf1 22. hxg6+ fxg6 
23. Nd1 P@d4 24. exd4 Nxd4 25. fxg4 Nxe2 26. Bxe2 Qe1+ 27. Kd3 R@d5+ 28. P@d4 
dxe5 29. N@g5+ Bxg5 30. N@f6+ Qxf6 31. P@f5 Qd2+ 32. Kc4 Qc6+ 33. Kb3 N@a5+ 
34. Ka3 P@b4# 
{TheLongOne checkmated} 0-1

[Event "fics rated crazyhouse match"]
[Site "fics, Oklahoma City, OK USA"]
[Date "2000.03.01"]
[White "Firefly"]
[WhiteElo "2565"]
[Black "Cranith"]
[BlackElo "2143"]
[TimeControl "180+0"]
[Result "1-0"]

1. e4 e6 2. Nc3 d5 3. exd5 exd5 4. Nf3 Nc6 5. Bb5 Bb4 6. Qe2+ 
Qe7 7. Nxd5 Qxe2+ 8. Bxe2 Bd6 9. P@c5 Bf4 10. P@d6 Nf6 11. Nxf6+ gxf6 
12. N@g7+ Kd7 13. Q@f5+ P@e6 14. Qxf6 N@d5 15. Qxf7# 
{Cranith resigns} 1-0

[Event "fics rated crazyhouse match"]
[Site "fics, Oklahoma City, OK USA"]
[Date "2000.03.01"]
[White "Cranith"]
[WhiteElo "2142"]
[Black "Firefly"]
[BlackElo "2566"]
[TimeControl "180+0"]
[Result "0-1"]

1. e4 e6 2. Nc3 Nc6 3. d4 Bb4 4. Nf3 Nf6 5. Bd3 d5 6. exd5 
exd5 7. Qe2+ P@e4 8. Bb5 O-O 9. Bxc6 bxc6 10. Ne5 B@h5 11. P@f3 Bxc3+ 
12. bxc3 N@h4 13. Rg1 Re8 14. B@g5 exf3 15. Bxf6 fxe2 
{Cranith resigns} 0-1

[Event "fics rated crazyhouse match"]
[Site "fics, Oklahoma City, OK USA"]
[Date "2000.03.01"]
[White "Firefly"]
[WhiteElo "2567"]
[Black "Cranith"]
[BlackElo "2141"]
[TimeControl "180+0"]
[Result "1-0"]

1. e4 e6 2. Nc3 Nc6 3. d4 Bb4 4. a3 Bxc3+ 5. bxc3 Nf6 6. e5 
Ne4 7. Qg4 N@g5 8. B@d2 h5 9. Qe2 Qe7 10. Bxg5 Nxg5 11. Bxg5 Qxg5 
12. Nf3 Qe7 13. N@b5 B@a5 14. N@c4 B@b6 15. Nxa5 Bxa5 16. B@c5 d6 17. exd6 
cxd6 18. Bxd6 Bxc3+ 19. Nxc3 Qxd6 20. B@c5 P@b2 21. Rd1 Qd8 22. Ne5 B@a5 
23. P@d2 Bxc3 24. dxc3 P@a2 25. Nxc6 bxc6 26. P@e7 Qa5 27. Bb4 Qc7 28. N@d6+ 
Kd7 29. e8=Q+ Rxe8 30. Nxe8 Kxe8 31. R@f8+ Kd7 32. B@e8+ Kd8 33. Bxc6# 
{Cranith resigns} 1-0

[Event "fics rated crazyhouse match"]
[Site "fics, Oklahoma City, OK USA"]
[Date "2000.03.01"]
[White "Cranith"]
[WhiteElo "2140"]
[Black "Firefly"]
[BlackElo "2568"]
[TimeControl "180+0"]
[Result "0-1"]

1. e4 e6 2. Nc3 Nc6 3. d4 Bb4 4. a3 Ba5 5. Nf3 d6 6. Bg5 
Nf6 7. Bb5 Bd7 8. Bxc6 Bxc6 9. e5 Rg8 10. exf6 gxf6 11. N@h6 Rg6 
12. N@f4 Rg7 13. Nh5 Rg6 14. Bxf6 Rxf6 15. P@g5 Rg6 16. O-O P@g7 17. Ng4 
B@f5 18. Nh4 Rxg5 19. Nxf5 exf5 20. Re1+ B@e6 21. d5 Rxg4 22. Qxg4 fxg4 
23. Nxg7+ Kd7 24. Nxe6 N@h3+ 25. gxh3 N@f3+ 26. Kh1 P@g2+ 27. Kxg2 Nh4+ 28. Kf1 
Q@g2+ 29. Ke2 Qf3+ 30. Kd2 Bxc3+ 31. bxc3 Qxd5+ 32. N@d3 Nf3+ 33. Kc1 P@d2+ 
34. Kb2 N@a4+ 35. Kb1 Nxc3+ 36. Kb2 Na4+ 37. Kb1 dxe1=Q+ 38. Nxe1 Qd1# 
{Cranith resigns} 0-1

[Event "fics rated crazyhouse match"]
[Site "fics, Oklahoma City, OK USA"]
[Date "2000.03.01"]
[White "Firefly"]
[WhiteElo "2569"]
[Black "Cranith"]
[BlackElo "2139"]
[TimeControl "180+0"]
[Result "1-0"]

1. e4 e6 2. Nc3 Nc6 3. d4 Bb4 4. a3 Ba5 5. b4 Bb6 6. Nf3 
d5 7. exd5 exd5 8. Bb5 Qe7+ 9. P@e5 Be6 10. O-O Rb8 11. Re1 P@h3 
12. Bg5 f6 13. exf6 gxf6 14. P@f5 fxg5 15. Rxe6 hxg2 16. Bxc6+ bxc6 17. Rxe7+ 
Nxe7 18. N@f6+ Kf8 19. B@h6+ P@g7 20. Bxg7+ Kxg7 21. Nh5+ Kf8 22. P@g7# 
{Cranith resigns} 1-0

[Event "fics rated crazyhouse match"]
[Site "fics, Oklahoma City, OK USA"]
[Date "2000.03.01"]
[White "Firefly"]
[WhiteElo "2571"]
[Black "Cranith"]
[BlackElo "2137"]
[TimeControl "180+0"]
[Result "1-0"]

1. e4 e6 2. Nc3 Nc6 3. d4 Bb4 4. a3 Ba5 5. Be3 d5 6. exd5 
exd5 7. Bb5 Bd7 8. Nf3 Bxc3+ 9. bxc3 P@e4 10. Bxc6 exf3 11. Bxd7+ Qxd7 
12. Qxf3 B@b2 13. O-O Bxa1 14. B@h3 N@e6 15. N@e5 Qe7 16. P@d7+ Kf8 17. B@b4 
N@d6 18. Bxd6 cxd6 19. N@g6# 
{Cranith resigns} 1-0

[Event "fics rated crazyhouse match"]
[Site "fics, Oklahoma City, OK USA"]
[Date "2000.03.01"]
[White "Cranith"]
[WhiteElo "2136"]
[Black "Firefly"]
[BlackElo "2572"]
[TimeControl "180+0"]
[Result "0-1"]

1. e4 e6 2. Nc3 Nc6 3. d4 Nf6 4. Nf3 Bb4 5. Bd3 d5 6. exd5 
exd5 7. Qe2+ P@e4 8. Bb5 O-O 9. Bxc6 exf3 10. gxf3 bxc6 11. Rg1 B@g6 
12. P@h6 Re8 13. P@e5 Nh5 14. hxg7 N@f5 15. Bg5 f6 16. N@h6+ Nxh6 17. Bxh6 
N@f5 18. P@g5 Nxh6 19. gxh6 B@a5 20. N@h8 Bxc3+ 21. bxc3 Bxc3+ 22. Kf1 Bh3+ 
23. B@g2 Bxg2+ 24. Rxg2 B@h3 25. N@h4 Bxg2+ 26. Nxg2 P@h3 27. B@f5 hxg2+ 28. Kxg2 
N@f4+ 29. Kh1 Nxg7 30. hxg7 P@g2# 
{Cranith resigns} 0-1

[Event "fics rated crazyhouse match"]
[Site "fics, Oklahoma City, OK USA"]
[Date "2000.03.01"]
[White "Firefly"]
[WhiteElo "2573"]
[Black "Cranith"]
[BlackElo "2135"]
[TimeControl "180+0"]
[Result "1-0"]

1. e4 e6 2. Nc3 Nc6 3. d4 Bb4 4. a3 Ba5 5. b4 Bb6 6. Nf3 
Nf6 7. Bg5 d6 8. Bb5 Bd7 9. O-O O-O 10. e5 dxe5 11. dxe5 P@e7 
12. exf6 exf6 13. Bh4 P@e3 14. fxe3 Bxe3+ 15. P@f2 Bh6 16. N@g4 Bf4 17. Ne2 
P@g5 18. Nxf4 gxh4 19. P@h6 B@g5 20. Nxg5 fxg5 21. hxg7 gxf4 22. B@f6 
{Cranith resigns} 1-0

[Event "fics rated crazyhouse match"]
[Site "fics, Oklahoma City, OK USA"]
[Date "2000.03.01"]
[White "Cranith"]
[WhiteElo "2134"]
[Black "Firefly"]
[BlackElo "2574"]
[TimeControl "180+0"]
[Result "0-1"]

1. e4 e6 2. Nc3 Nc6 3. Nf3 Nf6 4. Bb5 Bb4 5. O-O Bxc3 6. dxc3 
Nxe4 7. Bxc6 bxc6 8. N@h5 B@f6 9. B@d3 N@c5 10. Bf4 d6 11. Re1 P@f5 
12. b4 Nxd3 13. Qxd3 Rg8 14. Nd4 B@d5 15. c4 Bxd4 16. Qxd4 e5 17. Bxe5 
dxe5 18. Qxe5+ N@e6 19. cxd5 B@d4 20. Qxf5 Bxf2+ 21. Qxf2 Nxf2 22. dxe6 Q@h1+ 
23. Kxf2 Qd2+ 24. Re2 P@e3+ 25. Kf3 Qxe2+ 26. Kxe2 Qxg2+ 27. Kxe3 R@e4+ 28. Kd3 
Qf3+ 29. Kd2 Qe3+ 30. Kd1 Qe1# 
{Cranith checkmated} 0-1

[Event "fics rated crazyhouse match"]
[Site "fics, Oklahoma City, OK USA"]
[Date "2000.03.01"]
[White "Firefly"]
[WhiteElo "2575"]
[Black "Cranith"]
[BlackElo "2133"]
[TimeControl "180+0"]
[Result "1-0"]

1. e4 e6 2. Nc3 Nc6 3. d4 Bb4 4. a3 Bxc3+ 5. bxc3 d5 6. e5 
Nge7 7. Bd3 Nf5 8. Bxf5 exf5 9. N@h5 Rg8 10. Nxg7+ Rxg7 11. B@f6 B@e7 
12. Bxg7 N@h4 13. P@b5 Nxg2+ 14. Kf1 Nh4 15. R@g8+ N@f8 16. Bxf8 Bxf8 17. N@g7+ 
Ke7 18. Bg5+ f6 19. Bxh4 Bxg7 20. Rxg7+ Kf8 21. exf6 
{Cranith resigns} 1-0

[Event "fics rated crazyhouse match"]
[Site "fics, Oklahoma City, OK USA"]
[Date "2000.03.01"]
[White "RubberDuck"]
[WhiteElo "2190"]
[Black "Firefly"]
[BlackElo "2576"]
[TimeControl "240+0"]
[Result "0-1"]

1. e4 e6 2. d4 Nc6 3. Nf3 Nf6 4. Nc3 Bb4 5. Bd3 d5 6. exd5 
exd5 7. Bg5 P@e4 8. Qe2 Be6 9. Bxf6 Qxf6 10. P@g5 Qe7 11. Bxe4 dxe4 
12. P@f6 gxf6 13. gxf6 Qxf6 14. P@e5 exf3 15. exf6 fxe2 16. N@g7+ Kd7 17. Q@d2 
Bxc3 18. bxc3 N@e4 19. Qxe2 P@d2+ 20. Kf1 B@c4 21. P@d3 Q@c1+ 22. Rxc1 dxc1=Q+ 
23. B@d1 P@d2 24. Q@e3 R@e1+ 25. Qxe1 dxe1=Q+ 26. Qxe1 Bxd3+ 27. cxd3 P@d2 28. R@e2 
dxe1=Q+ 29. Rxe1 Q@d2 30. B@f3 Qxe1+ 31. Kxe1 Qd2# 
{RubberDuck resigns} 0-1

[Event "fics rated crazyhouse match"]
[Site "fics, Oklahoma City, OK USA"]
[Date "2000.03.01"]
[White "Firefly"]
[WhiteElo "2578"]
[Black "RubberDuck"]
[BlackElo "2188"]
[TimeControl "60+0"]
[Result "1-0"]

1. e4 e6 2. Nc3 d5 3. exd5 exd5 4. Nf3 Nf6 5. Bb5+ Nc6 6. Qe2+ 
Qe7 7. P@e5 Ng4 8. Nxd5 Qd7 9. Bxc6 bxc6 10. Nf4 B@b5 11. d3 Bc5 
12. N@e4 Bxf2+ 13. Nxf2 Nxf2 14. Qxf2 N@g4 15. Qe2 P@f2+ 16. Kd1 Bca6 17. B@e4 
P@d5 18. e6 fxe6 19. P@f7+ Qxf7 20. N@e5 Nxe5 21. Nxe5 Qe7 22. N@g6 hxg6 
23. Nfxg6 dxe4 24. Nxe7 exd3 25. Q@d7+ Kf8 26. N7g6+ Kg8 27. P@f7+ Kh7 28. f8=N+ 
Rhxf8 29. Nxf8+ Rxf8 30. Qh5+ P@h6 31. Qg6+ Kh8 32. Qdxg7# 
{RubberDuck checkmated} 1-0

[Event "fics rated crazyhouse match"]
[Site "fics, Oklahoma City, OK USA"]
[Date "2000.03.01"]
[White "RubberDuck"]
[WhiteElo "2186"]
[Black "Firefly"]
[BlackElo "2580"]
[TimeControl "60+0"]
[Result "1-0"]

1. e4 e6 2. d4 Nc6 3. e5 Nge7 4. Nf3 Nf5 5. Bg5 Be7 6. Bf4 
d6 7. exd6 Bxd6 8. Bxd6 cxd6 9. Nc3 P@g4 10. B@g5 B@e7 11. Bxe7 Qxe7 
12. B@g5 f6 13. Bf4 gxf3 14. gxf3 e5 15. dxe5 fxe5 16. Nd5 B@a5+ 17. c3 
Qf7 18. Bg5 P@f6 19. Bd2 Be6 20. P@c4 Bxd5 21. cxd5 Qxd5 22. P@c4 Qf7 
23. B@d5 P@e6 24. Bxc6+ bxc6 25. P@b4 Bb6 26. c5 Bc7 27. cxd6 Bxd6 28. P@c5 
Bc7 29. Be3 N@d5 30. N@d6+ Nxd6 31. cxd6 Bxd6 32. Bc5 B@c7 33. Bxd6 Bxd6 
34. N@b7 Qxb7 35. B@c5 B@e7 36. Bxd6 Bxd6 37. Bc4 Bxb4 38. Bxd5 exd5 39. cxb4 
N@g2+ 40. Kd2 Qxb4+ 41. B@c3 N@c4+ 42. Kc1 Qb7 43. B@c7 Qxc7 44. N@d6+ Kd7 
45. Kc2 
{Firefly forfeits on time} 1-0

[Event "fics rated crazyhouse match"]
[Site "fics, Oklahoma City, OK USA"]
[Date "2000.03.01"]
[White "Firefly"]
[WhiteElo "2566"]
[Black "RubberDuck"]
[BlackElo "2200"]
[TimeControl "60+0"]
[Result "1-0"]

1. e4 e6 2. Nc3 d5 3. exd5 exd5 4. Nf3 Nf6 5. Bb5+ c6 6. Qe2+ 
Qe7 7. P@e5 Nfd7 8. Nxd5 cxd5 9. Bxd7+ Bxd7 10. N@c7+ Kd8 11. P@d6 N@f4 
12. dxe7+ Bxe7 13. Nxa8 Na6 14. R@b8+ B@c8 15. Qxa6 Nxg2+ 16. Kd1 bxa6 17. Q@c7+ 
Ke8 18. Rxc8+ Bxc8 19. Qxc8+ R@d8 20. Nc7+ Kf8 21. Qxd8# 
{RubberDuck resigns} 1-0

[Event "fics rated crazyhouse match"]
[Site "fics, Oklahoma City, OK USA"]
[Date "2000.03.01"]
[White "RubberDuck"]
[WhiteElo "2198"]
[Black "Firefly"]
[BlackElo "2568"]
[TimeControl "60+0"]
[Result "0-1"]

1. e4 e6 2. d4 Nc6 3. Nc3 d5 4. exd5 exd5 5. Bb5 Bb4 6. Qe2+ 
Qe7 7. Bxc6+ bxc6 8. Qxe7+ Nxe7 9. N@e5 B@b5 10. P@d3 P@f6 11. Nxf7 Kxf7 
12. Nf3 Nf5 13. P@g5 Re8+ 14. Be3 Nxe3 15. fxe3 Rxe3+ 16. N@e2 Bxc3+ 17. bxc3 
Rxe2+ 18. Kxe2 N@f4+ 19. Kd1 N@e3+ 20. Kc1 P@d2+ 21. Kb1 N@a3+ 22. Kb2 Nec4+ 
23. dxc4 Nxc4+ 24. Kb3 Q@b2# 
{RubberDuck checkmated} 0-1

[Event "fics rated crazyhouse match"]
[Site "fics, Oklahoma City, OK USA"]
[Date "2000.03.01"]
[White "uvo"]
[WhiteElo "2177"]
[Black "Gobi"]
[BlackElo "2280"]
[TimeControl "120+0"]
[Result "0-1"]

1. e4 e5 2. Nc3 Nc6 3. Bc4 Nf6 4. d3 Bc5 5. Bg5 d6 6. Nd5 
Nxd5 7. Bxd8 Nf4 8. Bxc7 Nxg2+ 9. Kf1 Nf4 10. P@g2 P@h3 11. Nxh3 Bxh3 
12. gxh3 Rc8 13. Q@f5 Rxc7 14. Bxf7+ Rxf7 15. Qc8+ B@d8 16. P@e6 B@g2+ 17. Ke1 
Bxf2+ 18. Kxf2 Nxd3+ 19. Kxg2 N@e3+ 20. Kg3 P@h4# 
{uvo checkmated} 0-1

[Event "fics rated crazyhouse match"]
[Site "fics, Oklahoma City, OK USA"]
[Date "2000.03.01"]
[White "Gobi"]
[WhiteElo "2286"]
[Black "uvo"]
[BlackElo "2171"]
[TimeControl "120+0"]
[Result "0-1"]

1. e4 Nc6 2. d4 d5 3. exd5 Qxd5 4. Nf3 Bg4 5. Be2 Rd8 6. Nc3 
Qa5 7. P@d5 Rxd5 8. Bd2 Bxf3 9. Nxd5 Qxd5 10. Bxf3 Qxd4 11. B@c3 Qd8 
12. Bxc6+ bxc6 13. N@e5 P@d7 14. Qf3 B@d5 15. R@e4 Nf6 16. Nxf7 Kxf7 17. Bxf6 
exf6 18. N@g5+ Kg8 19. Re8 Qxe8+ 20. P@e4 N@d4 21. Qd3 Nxc2+ 22. Qxc2 N@d4 
23. Qd3 N@c2+ 24. Kf1 P@e2+ 25. Kg1 fxg5 26. exd5 cxd5 27. Bxg5 e1=Q+ 28. B@f1 
N@e2+ 29. Qxe2 Nxe2# 
{Gobi checkmated} 0-1

[Event "fics rated crazyhouse match"]
[Site "fics, Oklahoma City, OK USA"]
[Date "2000.03.01"]
[White "uvo"]
[WhiteElo "2182"]
[Black "Gobi"]
[BlackElo "2275"]
[TimeControl "120+0"]
[Result "0-1"]

1. e4 e5 2. Nc3 Nf6 3. Bc4 Bc5 4. d3 d6 5. Bg5 Bxf2+ 6. Kxf2 
Ng4+ 7. Qxg4 Bxg4 8. Bxd8 P@e3+ 9. Kg3 Q@f4+ 10. Kh4 Bf3+ 11. Kh3 Qg4# 
{uvo checkmated} 0-1

[Event "fics rated crazyhouse match"]
[Site "fics, Oklahoma City, OK USA"]
[Date "2000.03.01"]
[White "Gobi"]
[WhiteElo "2281"]
[Black "uvo"]
[BlackElo "2176"]
[TimeControl "120+0"]
[Result "1-0"]

1. e4 Nc6 2. d4 d5 3. exd5 Qxd5 4. Nf3 Bg4 5. Be2 Rd8 6. Nc3 
Qa5 7. Be3 Nf6 8. O-O e5 9. dxe5 Rxd1 10. Raxd1 Nd7 11. R@c8+ Nd8 
12. Nd5 Be7 13. Nxc7+ Kf8 14. P@d6 Nxe5 15. dxe7+ Kxe7 16. B@d6+ Kf6 17. Bxe5+ 
Kg6 18. N@e7+ Kh5 19. Rdxd8 P@f4 20. B3xf4 P@h4 21. Bxg7 Qb6 22. N@f6+ Qxf6 
23. Bxf6 N@h3+ 24. gxh3 Q@g2+ 25. Kxg2 Bxh3+ 26. Kg1 Rg8+ 27. Rxg8 Bxf1 28. Q@g5# 
{uvo checkmated} 1-0

[Event "fics rated crazyhouse match"]
[Site "fics, Oklahoma City, OK USA"]
[Date "2000.03.01"]
[White "uvo"]
[WhiteElo "2170"]
[Black "Gobi"]
[BlackElo "2287"]
[TimeControl "120+0"]
[Result "1-0"]

1. e3 e5 2. Bc4 d5 3. Bb3 Nf6 4. Nc3 Be7 5. Nf3 Nc6 6. d4 
exd4 7. Nxd4 O-O 8. O-O Nxd4 9. exd4 Bg4 10. f3 Be6 11. P@h6 gxh6 
12. Bxh6 N@f5 13. Qd2 Nxh6 14. Qxh6 P@g7 15. Qe3 c5 16. P@e5 cxd4 17. Qxd4 
B@c5 18. P@e3 Bxd4 19. exd4 Nh5 20. B@f2 P@f4 21. Kh1 P@g3 22. Bg1 gxh2 
23. Bxh2 P@g3 24. P@f6 Bxf6 25. exf6 Qxf6 26. Nxd5 Bxd5 27. N@g4 Qh4 28. N@h6+ 
Kh8 29. Nf5 Qxg4 30. fxg4 Bxg2+ 31. Kxg2 N@e3+ 32. Nxe3 N@h4+ 33. Kh1 fxe3 
34. P@g2 gxh2 35. B@e5 N@g3+ 36. Kxh2 Nxf1+ 37. Rxf1 P@g3+ 38. Bxg3 Nxg3 39. Kxg3 
B@f2+ 40. Rxf2 exf2 41. Q@f1 R@e3+ 42. P@f3 B@f4+ 43. Kxf4 Ng6+ 44. Kxe3 Q@f4+ 
45. Kxf2 P@e3+ 46. Ke1 P@d2+ 47. Ke2 R@e1+ 48. Qxe1 
{Gobi forfeits on time} 1-0

[Event "fics rated crazyhouse match"]
[Site "fics, Oklahoma City, OK USA"]
[Date "2000.03.01"]
[White "Gobi"]
[WhiteElo "2276"]
[Black "uvo"]
[BlackElo "2181"]
[TimeControl "120+0"]
[Result "0-1"]

1. e4 Nc6 2. d4 d5 3. exd5 Qxd5 4. Nf3 Bg4 5. Ke2 e5 6. Be3 
e4 7. Ke1 exf3 8. Nc3 Bb4 9. Rg1 P@e2 10. Bxe2 fxe2 11. Qd2 Bxc3 
12. bxc3 N@h3 13. P@f3 Nxg1 14. fxg4 Qxg2 15. Qd3 Qf1+ 16. Kd2 Nf3# 
{Gobi checkmated} 0-1

[Event "fics rated crazyhouse match"]
[Site "fics, Oklahoma City, OK USA"]
[Date "2000.03.01"]
[White "uvo"]
[WhiteElo "2191"]
[Black "Gobi"]
[BlackElo "2266"]
[TimeControl "120+0"]
[Result "0-1"]

1. e4 Nf6 2. Nc3 e5 3. Bc4 Nc6 4. Nf3 Bc5 5. Bxf7+ Kxf7 6. Ng5+ 
Kf8 7. Nd5 B@h5 8. Nxf6 Qxf6 9. Qxh5 Qxf2+ 10. Kd1 P@e2+ 11. Qxe2 Qxe2+ 
12. Kxe2 N@f4+ 13. Kf3 Q@e2+ 14. Kg3 Bf2# 
{uvo checkmated} 0-1

[Event "fics rated crazyhouse match"]
[Site "fics, Oklahoma City, OK USA"]
[Date "2000.03.01"]
[White "Gobi"]
[WhiteElo "2272"]
[Black "uvo"]
[BlackElo "2185"]
[TimeControl "120+0"]
[Result "1-0"]

1. e4 Nc6 2. d4 d5 3. exd5 Qxd5 4. Nf3 Bg4 5. Be2 e5 6. Nc3 
Bb4 7. Bd2 Bxc3 8. Bxc3 e4 9. Ne5 Bxe2 10. Qxe2 Nxe5 11. dxe5 P@f3 
12. Rd1 fxg2 13. Rxd5 gxh1=Q+ 14. B@f1 N@f3+ 15. Kd1 R@b1+ 16. B@c1 P@d7 17. N@f5 
B@h6 18. Nxh6 Nxh6 19. e6 fxe6 20. Bxg7 P@d2 21. Rxd2 Nxd2 22. Bxh8 Rxc1+ 
23. Kxc1 R@b1+ 24. Kxd2 B@f4+ 25. P@e3 N@f3+ 26. Qxf3 Qxf1 27. R@f8+ Kxf8 28. Q@g7+ 
Ke8 29. R@f8# 
{uvo checkmated} 1-0

[Event "fics rated crazyhouse match"]
[Site "fics, Oklahoma City, OK USA"]
[Date "2000.03.01"]
[White "uvo"]
[WhiteElo "2179"]
[Black "Gobi"]
[BlackElo "2278"]
[TimeControl "120+0"]
[Result "0-1"]

1. e4 e5 2. d4 exd4 3. Nf3 Nc6 4. Nxd4 Nf6 5. Nxc6 bxc6 6. Bg5 
N@e6 7. Bxf6 Qxf6 8. Nc3 B@d4 9. Qd2 Bb4 10. N@d1 Bbxc3 11. bxc3 Bxc3 
12. Nxc3 P@d4 13. Nd1 P@c3 14. Qc1 Ng5 15. B@f4 Nxe4 16. B@e5 Qxe5 17. Bxe5 
P@d2+ 18. Ke2 dxc1=N+ 19. Rxc1 B@g4+ 20. Kd3 Ba6+ 21. Kxd4 Q@d5+ 22. Ke3 Qd2+ 
23. Kxe4 N@c5# 
{uvo checkmated} 0-1

[Event "fics rated crazyhouse match"]
[Site "fics, Oklahoma City, OK USA"]
[Date "2000.03.01"]
[White "Gobi"]
[WhiteElo "2284"]
[Black "uvo"]
[BlackElo "2173"]
[TimeControl "120+0"]
[Result "1-0"]

1. e4 Nc6 2. d4 d5 3. exd5 Qxd5 4. Nf3 Bg4 5. Be2 e5 6. Nc3 
Bb4 7. O-O Bxc3 8. bxc3 e4 9. Re1 Nge7 10. Ng5 Bxe2 11. Qxe2 h6 
12. Nxe4 O-O 13. B@c4 Qf5 14. B@g4 Qg6 15. P@h5 Qh7 16. P@f6 P@f5 17. fxg7 
Qxg7 18. P@f6 Qxg4 19. Qxg4+ fxg4 20. Q@g7# 
{uvo checkmated} 1-0

[Event "fics rated crazyhouse match"]
[Site "fics, Oklahoma City, OK USA"]
[Date "2000.03.01"]
[White "uvo"]
[WhiteElo "2167"]
[Black "Gobi"]
[BlackElo "2290"]
[TimeControl "120+0"]
[Result "0-1"]

1. e4 e5 2. Nf3 Nc6 3. Bb5 Bc5 4. Nc3 Nf6 5. O-O Ng4 6. d3 
O-O 7. Bg5 f6 8. Bh4 d6 9. Bc4+ Kh8 10. Ne2 Qe8 11. Ng3 Nxf2 
12. Rxf2 Bxf2+ 13. Kxf2 P@g5 14. Bxg5 fxg5 15. P@f7 B@b6+ 16. Ke1 Rxf7 17. Bxf7 
Qxf7 18. R@f1 P@f2+ 19. Kd2 B@e3+ 20. Ke2 Bg4 21. Rxf2 Bxf2 22. Kf1 Bxf3 
23. gxf3 N@e3+ 24. Ke2 Nd4+ 25. Kxf2 Nxd1+ 26. Rxd1 Qxf3+ 27. Ke1 Q@f2# 
{uvo checkmated} 0-1

[Event "fics rated crazyhouse match"]
[Site "fics, Oklahoma City, OK USA"]
[Date "2000.03.01"]
[White "Tecumseh"]
[WhiteElo "2252"]
[Black "Robonitemove"]
[BlackElo "2222"]
[TimeControl "180+0"]
[Result "1-0"]

1. e4 e6 2. d4 d6 3. Nf3 Nf6 4. Nc3 Be7 5. Be2 Nc6 6. O-O 
d5 7. e5 Ne4 8. Be3 Nxc3 9. bxc3 N@b2 10. Qd2 O-O 11. N@h5 g6 
12. Ng3 f6 13. Bh6 fxe5 14. Nxe5 Nxe5 15. dxe5 N@c4 16. Bxc4 Nxc4 17. Qe2 
P@g7 18. Bxg7 Kxg7 19. N@h5+ gxh5 20. Nxh5+ Kf7 21. P@f6 Bc5 22. P@g7 N@e4 
23. gxf8=Q+ Kxf8 24. R@h8+ B@g8 25. P@g7+ Kf7 26. N@h6+ Ke8 27. Rxg8+ B@f8 28. gxf8=Q+ 
Kd7 29. Qxd8+ Kc6 30. a4 Nxc3 31. B@b5+ Kb6 32. a5+ Kxb5 33. Rfb1+ Ka6 
34. B@e8 Nxe2+ 35. Kh1 Ng3+ 36. hxg3 Q@h3+ 37. gxh3 B@e4+ 38. N@g2 Bxg2+ 39. Kxg2 
P@f3+ 40. Kh2 N@f1+ 41. Rxf1 P@c6 42. Rfb1 Na3 43. Rxa3 Bxa3 44. Qxc7 R@g2+ 
45. Kh1 Rxf2 46. Q@b6+ axb6 47. Qxb6# 
{Robonitemove checkmated} 1-0

[Event "fics rated crazyhouse match"]
[Site "fics, Oklahoma City, OK USA"]
[Date "2000.03.01"]
[White "pminear"]
[WhiteElo "2444"]
[Black "Tecumseh"]
[BlackElo "2264"]
[TimeControl "60+0"]
[Result "1-0"]

1. e4 d6 2. Nc3 e6 3. d4 Nc6 4. Nf3 Be7 5. d5 Ne5 6. Nxe5 
dxe5 7. Bb5+ Bd7 8. Bxd7+ Qxd7 9. N@h5 B@f6 10. Be3 exd5 11. Nxd5 Rd8 
12. P@g5 P@e6 13. gxf6 Bxf6 14. Ndxf6+ Nxf6 15. Nxg7+ Ke7 16. Qxd7+ Rxd7 17. B@b4+ 
P@d6 18. B@g5 N@g4 19. B@h4 h6 20. Bxf6+ Nxf6 21. Bxf6+ Kxf6 22. Nh5+ Ke7 
23. Q@f6+ Ke8 24. Qxh8+ B@f8 25. N@g7+ Kd8 26. R@e8# 
{Tecumseh checkmated} 1-0

[Event "fics rated crazyhouse match"]
[Site "fics, Oklahoma City, OK USA"]
[Date "2000.03.01"]
[White "Tecumseh"]
[WhiteElo "2260"]
[Black "pminear"]
[BlackElo "2448"]
[TimeControl "60+0"]
[Result "1-0"]

1. e4 e5 2. d3 Nc6 3. Be2 Bc5 4. Nf3 Nf6 5. Nc3 d5 6. exd5 
Nxd5 7. Nxd5 Qxd5 8. O-O N@d4 9. N@h5 Rg8 10. c3 Nxe2+ 11. Qxe2 f6 
12. P@e4 Qd8 13. N@f5 Bxf5 14. exf5 B@f7 15. Nh4 N@d4 16. cxd4 Nxd4 17. Qe4 
Bxh5 18. B@e6 P@f7 19. N@f4 N@e2+ 20. Nxe2 Nxe2+ 21. Kh1 fxe6 22. fxe6 B@d5 
23. P@d7+ Kf8 24. Qxd5 Bd6 25. e7+ Kxe7 26. B@e6 P@g6 27. Bxg8 Qxg8 28. Qxg8 
Rxg8 29. R@e6+ Kxd7 30. Q@f7# 
{pminear forfeits on time} 1-0

[Event "fics rated crazyhouse match"]
[Site "fics, Oklahoma City, OK USA"]
[Date "2000.03.01"]
[White "pminear"]
[WhiteElo "2436"]
[Black "Tecumseh"]
[BlackElo "2272"]
[TimeControl "60+0"]
[Result "0-1"]

1. e4 Nc6 2. Nc3 Nf6 3. d4 d5 4. exd5 Nxd5 5. Nf3 e6 6. Bd3 
Be7 7. Bd2 f5 8. O-O O-O 9. Nxd5 Qxd5 10. N@f4 Qd8 11. Bb5 P@e4 
12. Bxc6 bxc6 13. Ne5 B@e8 14. P@g6 N@g4 15. gxh7+ Kxh7 16. P@g6+ Kh8 17. N@f7+ 
Bxf7 18. Nxf7+ Rxf7 19. gxf7 N@f6 20. B@h5 P@h7 21. Bxg4 fxg4 22. N@g6+ hxg6 
23. Nxg6+ Kh7 24. R@h8+ Qxh8 25. Nxh8 Kxh8 26. P@h6 N@f3+ 27. Qxf3 gxf3 28. hxg7+ 
Kxg7 29. Q@h6+ Kxf7 30. N@e5+ Ke8 31. P@f7+ Kd8 32. f8=Q+ R@e8 33. Qxe8+ Nxe8 
{pminear forfeits on time} 0-1

[Event "fics rated crazyhouse match"]
[Site "fics, Oklahoma City, OK USA"]
[Date "2000.03.01"]
[White "Tecumseh"]
[WhiteElo "2284"]
[Black "pminear"]
[BlackElo "2424"]
[TimeControl "60+0"]
[Result "0-1"]

1. e4 e5 2. Nf3 Nc6 3. Nc3 Bc5 4. Bc4 Nf6 5. d3 d6 6. h3 
Be6 7. Bg5 Bxc4 8. dxc4 B@h5 9. Nd5 Bxf2+ 10. Kxf2 Nxe4+ 11. Kf1 Nxg5 
12. B@h4 Nxf3 13. Bxd8 N@g3+ 14. Kf2 Nxh1+ 15. Qxh1 Rxd8 16. Nxc7+ Kd7 17. B@f5+ 
P@e6 18. gxf3 B@b6+ 19. P@e3 Bxc7 20. N@d5 P@f4 21. Nxc7 fxe3+ 22. Kxe3 B@f4+ 
23. Ke2 Nd4+ 24. Kd3 R@e3+ 25. Kd2 Nxf3+ 26. Kd1 P@e2+ 27. Kc1 e1=Q+ 28. B@d1 
Re2+ 29. P@d2 Qxd2+ 30. Kb1 Qc1# 
{Tecumseh checkmated} 0-1